 Seeded DCSS version 0.31-a0-236-g9a0961fb85 (webtiles) character file.

Game seed: 11330284121249248176 (custom seed)

224 innerfire43 the Slasher (level 5, -4/42 HPs)
             Began as a Demonspawn Monk on July 10, 2023.
             Slain by an iguana (10 damage)
             ... on level 3 of the Dungeon.
             The game lasted 00:01:57 (2029 turns).

innerfire43 the Slasher (Demonspawn Monk)           Turns: 2029, Time: 00:01:57

Health: -4/42      AC:  6    Str: 13    XL:     5   Next: 67%
Magic:  5/5        EV: 13    Int: 11    God:
Gold:   126        SH:  0    Dex: 16    Spells: 4/4 levels left

rFire   . . .        a - +0 falchion
rCold   . . .        d - orb {light}
rNeg    . . .        b - +0 robe
rPois   +            (no helmet)
rElec   .            o - +0 cloak
rCorr   .            (no gloves)
SInv    .            (no boots)
Will    .....        (no amulet)
Stlth   +            m - ring of poison resistance
HPRegen 0.27/turn    (no ring)
MPRegen 0.09/turn

%: no passive effects
@: glowing
A: slimy green scales 2
a: no special abilities


You were on level 3 of the Dungeon.
You visited 1 branch of the dungeon, and saw 4 of its levels.

You collected 126 gold pieces.

Inventory:

Hand Weapons
 a - a +0 falchion (weapon)
Armour
 b - a +0 robe (worn)
 d - an orb of light (worn)
 o - a +0 cloak (worn)
Jewellery
 m - a ring of poison resistance (left hand)
Scrolls
 e - a scroll of revelation {unknown}
 h - 2 scrolls of identify {unknown}
 k - a scroll of fear {unknown}
 l - 4 scrolls of teleportation {unknown}
 p - 2 scrolls of enchant weapon {unknown}
 u - a scroll of summoning {unknown}
Potions
 c - a potion of ambrosia
 f - a potion of resistance {unknown}
 g - a potion of berserk rage {unknown}
 i - a potion of magic {unknown}
 j - a potion of invisibility {unknown}
 n - 2 potions of enlightenment {unknown}
 q - a potion of haste {unknown}
 r - a potion of heal wounds {unknown}
 s - a potion of curing {unknown}
 t - a potion of attraction {unknown}


   Skills:
 + Level 3.7 Fighting
 * Level 4.0 Long Blades
 * Level 2.7 Armour
 + Level 3.4 Dodging


You had 4 spell levels left.
You didn't know any spells.
Your spell library contained the following spells:

 Spells                   Type           Power      Damage    Failure   Level
 Kiss of Death            Conj/Necr      0%         2d5       34%         1
 Confusing Touch          Hex            0%         N/A       71%         3
 Hailstorm                Conj/Ice       0%         3d3       71%         3
 Dispel Undead            Necr           0%         3d6       98%         4
 Ice Form                 Ice/Tmut       0%         N/A       98%         4
 Simulacrum               Ice/Necr       0%         N/A       100%        6


Dungeon Overview and Level Annotations

Branches:
Dungeon (4/15)
 Temple: D:4-7

Altars:
Kikubaaqudgha


Innate Abilities, Weirdness & Mutations

You are mostly covered in slimy green scales. (AC +3)


Message History

You slash the orc!
The orc is almost dead.
The orc completely misses you.
You barely miss the orc.
The orc is almost dead.
The orc closely misses you.
You hit the orc.
You kill the orc!
Things that are here:
a +0 mace; a +0 leather armour
There is a stone staircase leading down here.
HP restored.
Done exploring.
You climb downwards.
The endoplasm quivers.
The iguana bites you!
There is a stone staircase leading up, spattered with blood here.
The orc warrior hits you from afar with a +0 trident.
The iguana bites you!
You climb upwards.
There is a stone staircase leading down here.
You are too injured to fight recklessly!
You are too injured to fight recklessly!
You slash the iguana!
The iguana is moderately wounded.
The iguana misses you.
You barely miss the iguana.
The iguana is moderately wounded.
The iguana misses you.
You hit the iguana.
The iguana is heavily wounded.
The iguana misses you.
You hit the iguana.
The iguana is heavily wounded.
The iguana bites you!
* * * LOW HITPOINT WARNING * * *
You hit the iguana but do no damage.
The iguana is heavily wounded.
The iguana barely misses you. The iguana bites you!
You die...

#...##......#..##..#.##.##.###
#[####......#.....##.##.##...#
##.# #>.....#.....##.#...##.##
...# ########....###.#......#
...# #..........# #.)...####
...# #..........####....# ...#
#..................# ...#
#..........######### (..#
#.......[@.# ...# #.......l..#
...# #..........# ...#
#..........# ...# ############
####


You could see an iguana.

Vanquished Creatures
  Sigmund (D:3)
  An adder (D:2)
  2 worms (D:2)
  A dart slug (D:2)
  2 orcs (D:3)
  4 ball pythons
  4 bats
  3 endoplasms
  A giant cockroach (D:3)
  5 goblins
  3 hobgoblins
  6 quokkas
  2 kobolds
  A rat (D:1)
36 creatures vanquished.

Notes
Turn   | Place    | Note
-------+----------+-------------------------------------------
     0 | D:1      | innerfire43 the Demonspawn Monk began the quest for the
                  | Orb.
     0 | D:1      | Reached XP level 1. HP: 18/18 MP: 1/1
   334 | D:1      | Gained mutation: You are partially covered in slimy green
                  | scales. (AC +2) [demonic ancestry]
   334 | D:1      | Reached XP level 2. HP: 20/24 MP: 2/2
   483 | D:1      | Found a faded altar of an unknown god.
   743 | D:2      | Reached skill level 3 in Long Blades
   765 | D:2      | Reached skill level 1 in Armour
   823 | D:2      | Found an ancient bone altar of Kikubaaqudgha.
   911 | D:2      | Reached XP level 3. HP: 29/29 MP: 3/3
  1237 | D:3      | Noticed Sigmund
  1254 | D:3      | Killed Sigmund
  1255 | D:3      | Reached skill level 4 in Long Blades
  1255 | D:3      | Gained mutation: You are mostly covered in slimy green
                  | scales. (AC +3) [demonic ancestry]
  1255 | D:3      | Reached XP level 4. HP: 7/37 MP: 4/4
  1255 | D:3      | Reached XP level 5. HP: 8/42 MP: 5/5
  1929 | D:4      | Noticed an orc warrior
  2029 | D:3      | Slain by an iguana

Illustrated notes

Levels and vault maps discovered:
D:1:      dpeg_arrival_rooms_a, layout_loops_ring,
          dreamdust_ecumenical_altar_angels_and_demons, minmay_fountain_box
D:2:      layout_rooms, basic_altar, dk_vineyard_3
D:3:      layout_rooms, uniq_sigmund
D:4:      layout_cave_pools

Skill      XL: |  1  2  3 |
---------------+----------+-----
Long Blades    | 3 4 |  4.0
Armour         | 1 2 |  2.7
Dodging        | 3 |  3.4
Fighting       | |  3.7

Action                     |  1- 3 |  4- 6 || total
---------------------------+-------+-------++-------
  Melee: Falchion          |    82 |    27 ||   109
 Armour: Robe              |    19 |     8 ||    27
  Dodge: Dodged            |    63 |    14 ||    77

Table legend: (Time is in decaauts)
 A = Elapsed time spent in this place.
 B = Non-inter-level travel time spent in this place.
 C = Inter-level travel time spent in this place.
 D = Time resting spent in this place.
 E = Time spent auto-exploring this place.
 F = Levels seen in this place.
 G = Mean time per level.
                   A        B        C        D        E       F      G
               +--------+--------+--------+--------+--------+-----+--------+
         Total |   2045 |   1865 |    180 |      0 |   1569 |   4 |  511.2 |
       Dungeon |   2045 |   1865 |    180 |      0 |   1569 |   4 |  511.2 |
               +--------+--------+--------+--------+--------+-----+--------+

Top non-repeatable levels by time:
     D:3: 848 daAuts
     D:1: 683 daAuts
     D:2: 503 daAuts
     D:4: 10 daAuts
